 Dungeon Crawl Stone Soup version 0.31-a0-229-g1fc7ce93e2 (webtiles) character file.

Game seed: 5869983185499076594

114 qw the Shooter (level 4, -1/26 HPs)
             Began as a Gargoyle Hexslinger on July 6, 2023.
             Killed by divine providence
             ... invoked by an orc priest
              (12 damage)
             ... on level 3 of the Dungeon.
             The game lasted 00:00:57 (2424 turns).

qw the Shooter (Gargoyle Hexslinger)                Turns: 2424, Time: 00:00:57

Health: -1/26      AC:  8    Str: 12    XL:     4   Next: 97%
Magic:  5/5        EV: 15    Int: 13    God:
Gold:   92         SH:  5    Dex: 14    Spells: 4/5 levels left

rFire   + . .        Y - +1 sling
rCold   . . .        (no shield)
rNeg    + . .        a - +0 ring mail
rPois   inf          (no helmet)
rElec   +            (no cloak)
rCorr   .            (no gloves)
SInv    .            (no boots)
Will    .....        f - amulet of reflection
Stlth   +            b - ring of protection from fire
HPRegen 0.24/turn    c - +5 ring of evasion
MPRegen 0.09/turn

%: reflection
@: no status effects
A: sickness immunity, AC +3, negative energy resistance 1, electricity
resistance, torment resistance 1, petrification resistance
a: no special abilities


You were on level 3 of the Dungeon.
You visited 1 branch of the dungeon, and saw 3 of its levels.

You collected 92 gold pieces.


Innate Abilities, Weirdness & Mutations

You are immune to sickness and miasma.
Your stone body is resilient. (AC +3)
You are immune to poison.
You resist negative energy. (rN+)
You are resistant to electric shocks. (rElec)
You are resistant to unholy torment.
You are immune to petrification.


   Skills:
 - Level 2.0 Fighting
 + Level 4.5 Ranged Weapons
 - Level 1.0 Armour
 - Level 1.5 Dodging
 - Level 1.0 Spellcasting
 - Level 2.6 Hexes


You had 4 spell levels left.
You knew the following spells:

 Your Spells              Type           Power      Damage    Failure   Level
a - Slow                  Hex            28%        N/A       22%         1

Your spell library contained the following spells:

 Spells                   Type           Power      Damage    Failure   Level
 Inner Flame              Hex/Fire       4%         N/A       73%         3
 Portal Projectile        Hex/Tloc       8%         N/A       73%         3
 Cause Fear               Hex            3%         N/A       91%         4

Inventory:

Hand Weapons
 Y - a +1 sling (weapon)
Armour
 a - a +0 ring mail (worn)
Jewellery
 b - a ring of protection from fire (left hand)
 c - a +5 ring of evasion (right hand)
 f - an amulet of reflection (around neck)
Scrolls
 i - a scroll of identify
Potions
 d - a potion of heal wounds {unknown}
 e - a potion of attraction {unknown}
 g - a potion of invisibility {unknown}
 j - a potion of curing {unknown}

Dungeon Overview and Level Annotations

Branches:
Dungeon (3/15)

Altars:


Message History

The sling bullet barely misses the orc priest.
The sling bullet hits the orc.
The orc is lightly wounded.
The orc priest begins to cast a cantrip, but forgets the words!
The orc priest looks encouraged for a moment.
You shoot a sling bullet. The sling bullet hits the orc priest.
The orc priest is lightly wounded.
The orc priest hits you but does no damage.
You shoot a sling bullet. The sling bullet hits the orc priest.
The orc priest is moderately wounded.
The orc priest misses you.
The orc priest calls down the wrath of Beogh upon you.
Beogh smites you!
Ouch! That really hurt!
The orc priest misses you.
You shoot a sling bullet.
The sling bullet closely misses the orc priest.
The sling bullet hits the orc.
The orc is moderately wounded.
You block the orc priest's attack.
You shoot a sling bullet.
The sling bullet barely misses the orc priest.
The sling bullet hits the orc.
You kill the orc!
The orc priest closely misses you.
You shoot a sling bullet.
The sling bullet closely misses the orc priest.
The sling bullet hits the orc priest.
The orc priest is heavily wounded.
The orc priest barely misses you. You block the orc priest's attack.
You shoot a sling bullet. The sling bullet hits the orc priest.
The orc priest is moderately wounded.
You hear the rapid rusting of a very distant drain.
The orc priest calls upon Beogh to heal the orc priest.
The orc priest is healed somewhat.
The orc priest barely misses you.
You shoot a sling bullet. The sling bullet hits the orc priest.
The orc priest is lightly wounded.
The orc priest calls down the wrath of Beogh upon you.
Beogh smites you!
You die...

# .# ####.##.# ###
#o..oo..# ..# #o# ..#
#@# ..# #######.#
..### #.......# ....#
###.########
###%####...........
...¤¤..###.######.#.#
.~¤¤~~.###.# #.#..
.~¤¤[¤.#.#.######.#.#
..¤8~..'.#..<...#.#.#


You could see 2 orc priests.

Vanquished Creatures
  An orc wizard (D:3)
  An adder (D:3)
  A river rat (D:3)
  A worm (D:2)
  2 dart slugs
  An orc (D:3)
  6 ball pythons
  6 endoplasms
  8 giant cockroaches
  A goblin (D:1)
  7 hobgoblins (D:1)
  5 bats
  5 frilled lizards
  11 kobolds
  8 rats
64 creatures vanquished.

Notes
Turn   | Place    | Note
-------+----------+-------------------------------------------
     0 | D:1      | qw the Gargoyle Hexslinger began the quest for the Orb.
     0 | D:1      | Reached XP level 1. HP: 12/12 MP: 2/2
     0 | D:1      | 0 ||| qw: Version: 0.3-a-46-gb1f654a
     0 | D:1      | 0 ||| qw: Game counter: 1438
     0 | D:1      | 0 ||| qw: Melee chars always use a shield: true
     0 | D:1      | 0 ||| qw: God list: Okawaru
     0 | D:1      | 0 ||| qw: Allow faded altars: false
     0 | D:1      | 0 ||| qw: Do Orc after clearing Dungeon:15 true
     0 | D:1      | 0 ||| qw: Do second Lair branch before Depths: true
     0 | D:1      | 0 ||| qw: Lair rune preference: random
     0 | D:1      | 0 ||| qw: Goals: Normal
     0 | D:1      | 0 ||| PLANNING D:1-11
    21 | D:1      | 21 ||| DROPPING scroll of poison.
    82 | D:1      | Reached XP level 2. HP: 16/16 MP: 3/3
   159 | D:1      | Reached skill level 3 in Ranged Weapons
   436 | D:1      | Reached XP level 3. HP: 20/21 MP: 4/4
   778 | D:1      | 778 ||| UPGRADING to +0 leather armour.
   788 | D:1      | 788 ||| DROPPING +0 robe.
   789 | D:1      | 789 ||| UPGRADING to amulet of reflection.
   794 | D:1      | 794 ||| DROPPING amulet of magic regeneration.
   795 | D:1      | 795 ||| UPGRADING to ring of protection from fire.
   796 | D:1      | 796 ||| READING scroll labelled KEOTUF PEURETY.
   897 | D:1      | 897 ||| READING scroll labelled JUSTUO INWIEBE.
   898 | D:1      | 898 ||| READING 2 scrolls labelled MAFRIUZEIL.
  1124 | D:2      | 1124 ||| FLEEEEING.
  1126 | D:2      | 1126 ||| FLEEEEING.
  1127 | D:2      | 1127 ||| FLEEEEING.
  1764 | D:2      | 1764 ||| UPGRADING to +0 ring mail.
  1774 | D:2      | 1774 ||| DROPPING +0 leather armour.
  1775 | D:2      | 1775 ||| UPGRADING to +5 ring of evasion.
  1776 | D:2      | 1776 ||| READING 2 scrolls of identify.
  1776 | D:2      | 1776 ||| IDENTIFYING green potion
  1777 | D:2      | 1777 ||| DROPPING potion of berserk rage.
  1800 | D:3      | 1800 ||| PLANNING SEWER
  1928 | D:3      | Reached skill level 4 in Ranged Weapons
  1928 | D:3      | Reached XP level 4. HP: 20/26 MP: 5/5
  2089 | D:3      | Reached skill level 1 in Armour
  2402 | D:3      | 2402 ||| Stepping ~*~*~tactically~*~*~ (outnumbered).
  2404 | D:3      | 2404 ||| Stepping ~*~*~tactically~*~*~ (outnumbered).
  2406 | D:3      | 2406 ||| Stepping ~*~*~tactically~*~*~ (outnumbered).
  2424 | D:3      | Killed from afar by an orc priest

Levels and vault maps discovered:
D:1:      sevenhm_arrival_forest_fort_small_6, layout_basic, serial_forest,
          infiniplex_forest_clump_small, infiniplex_forest_diagonal,
          infiniplex_forest_end_3, infiniplex_forest_fountain,
          infiniplex_forest_clump_long, infiniplex_forest_clump_small,
          infiniplex_forest_clump_diagonal
D:2:      layout_basic, dk_vineyard_2
D:3:      layout_basic, portal_sewer_entry_e, kennysheep_generic_room_9

Skill      XL: |  1  2  3  4 |
---------------+-------------+-----
Ranged Weapons | 3 4 |  4.5
Fighting       | 2 |  2.0
Armour         | 1 |  1.0
Dodging        | |  1.5
Spellcasting   | |  1.0
Hexes          | |  2.6

Action                     |  1- 3 |  4- 6 || total
---------------------------+-------+-------++-------
   Fire: Sling             |   155 |    69 ||   224
    Use: Scroll            |     4 |       ||     4
 Armour: Robe              |     9 |       ||     9
         Leather armour    |    11 |       ||    11
         Ring mail         |     1 |    14 ||    15
  Dodge: Dodged            |    52 |    33 ||    85
  Block: Other             |     1 |     8 ||     9
         Reflection        |       |     1 ||     1

Table legend:
 A = Non-vault XP
 B = Vault XP
 C = Vault XP percentage of total XP
 D = Non-vault monster count
 E = Vault monster count
 F = Vault count percentage of total count
                 A         B        C        D         E       F
            +---------+---------+-------+---------+---------+-------
      Total |     140 |      23 |  14.1 |      56 |       8 |  12.5
            +---------+---------+-------+---------+---------+-------
        D:1 |      44 |       0 |   0.0 |      28 |       0 |   0.0
        D:2 |      22 |       0 |   0.0 |      12 |       0 |   0.0
        D:3 |      74 |      23 |  23.7 |      16 |       8 |  33.3
            +---------+---------+-------+---------+---------+-------
